 Dungeon Crawl Stone Soup version 0.23.2-1-ga50397a (webtiles) character file.

Game seed: 9851973930917856463

3880 whitewolfNL the Basher (level 10, -7/93 HPs)
             Began as a Minotaur Berserker on May 15, 2019.
             Was a High Priest of Trog.
             Killed from afar by RoseComp's ghost (11 damage)
             ... with a magic dart
             ... on level 8 of the Dungeon.
             The game lasted 00:22:39 (6179 turns).

whitewolfNL the Basher (Minotaur Berserker)         Turns: 6179, Time: 00:22:42

Health: -7/93      AC: 11    Str: 21    XL:     10   Next: 0%
Magic:  11/11      EV: 12    Int:  4    God:    Trog [*****.]
Gold:   354        SH:  0    Dex: 14    Spells: 9/9 levels left

rFire    . . .     SeeInvis .   D - +1 whip (drain)
rCold    . . .     Gourm    .   (no shield)
rNeg     + . .     Faith    .   N - +0 chain mail
rPois    .         Spirit   .   (helmet restricted)
rElec    .         Reflect  .   (no cloak)
rCorr    .         Harm     .   (no gloves)
MR       .....                  y - +0 pair of boots (curse)
Stlth    ..........             z - amulet of inaccuracy (curse)
HPRegen  0.25/turn              q - +1 ring of evasion
MPRegen  0.12/turn              J - ring of positive energy

@: berserk cooldown
A: retaliatory headbutt, horns 2
a: Berserk, Trog's Hand, Brothers in Arms, Renounce Religion


You were on level 8 of the Dungeon.
You worshipped Trog.
Trog was extremely pleased with you.
You were not hungry.

You visited 1 branch of the dungeon, and saw 8 of its levels.

You collected 354 gold pieces.

Inventory:

Hand Weapons
 D - a +1 whip of draining (weapon)
 I - a +2 antimagic war axe
Missiles
 b - 159 arrows
 d - 404 stones (quivered)
 g - 146 sling bullets
 l - 49 bolts
 B - a throwing net
Armour
 y - a cursed +0 pair of boots (worn)
 E - the +1 robe of an ossuary {rElec Dex+3}
   (You found it on level 5 of the Dungeon)

   It affects your dexterity (+3).
   It insulates you from electricity.
 N - a +0 chain mail (worn)
Jewellery
 i - an uncursed amulet of regeneration
 q - a +1 ring of evasion (left hand)
 z - a cursed amulet of inaccuracy (around neck)
 J - a ring of positive energy (right hand)
Wands
 F - a wand of iceblast (6)
 L - a wand of disintegration (14)
 M - a wand of flame (53)
Scrolls
 a - 2 scrolls of enchant weapon
 f - a scroll of amnesia {unknown}
 h - 2 scrolls of teleportation
 j - a scroll of torment {unknown}
 m - 2 scrolls of fear {unknown}
 r - 2 scrolls of magic mapping {unknown}
 t - 6 scrolls of remove curse
 u - 3 scrolls of fog
 v - 2 scrolls of enchant armour
Potions
 e - a potion of agility {unknown}
 n - 2 potions of lignification
 o - 2 potions of flight
 p - a potion of heal wounds {unknown}
 s - 2 potions of brilliance
 w - a potion of haste {unknown}
 x - a potion of might {unknown}
 A - 5 potions of curing
 C - a potion of resistance {unknown}
 G - a potion of degeneration {unknown}
 K - a potion of mutation {unknown}
Comestibles
 c - 16 rations


   Skills:
 * Level 10.2 Fighting
 * Level 10.3 Maces & Flails
 - Level 1.1 Throwing
 + Level 7.1 Armour
 + Level 6.3 Dodging
 - Level 1.0 Stealth
 * Level 2.9 Evocations


You had 9 spell levels left.
You didn't know any spells.
Your spell library was empty.

Dungeon Overview and Level Annotations

Branches:
Dungeon (8/15)             Temple (0/1) D:4
   Lair: D:8-11

Altars:
Ashenzari
Kikubaaqudgha
Qazlal
Ru

Annotations:
D:8 RoseComp's ghost, novice OgWz


Innate Abilities, Weirdness & Mutations

You reflexively headbutt those who attack you in melee.
You have a pair of horns on your head.


Message History

* * * LOW HITPOINT WARNING * * *
RoseComp's ghost hits you.
* * * LOW HITPOINT WARNING * * *
The white imp barely misses you. You furiously retaliate!
You headbutt the white imp.
You kill the white imp!
Okay, then.
You hit RoseComp's ghost but do no damage.
You headbutt RoseComp's ghost, but do no damage.
RoseComp's ghost is almost destroyed.
The shadow imp misses you. You furiously retaliate!
You headbutt the shadow imp, but do no damage.
You miss RoseComp's ghost.
RoseComp's ghost is almost destroyed.
The shadow imp gestures at you. Pain shoots through your body!
* * * LOW HITPOINT WARNING * * *
RoseComp's ghost points at you and mumbles some strange words.
The magic dart hits you!
You die...

........#.# #. #.
#######.#.# .$.. #...#
###.#.# ##..# ....... #..#
.......
#.######..#########.......
#..................†......
#########.###..55W.)......
.........># ###'@####.....
#############≈≈....≈# ...
#..⌠.#≈[## . #.#..≈.≈#
##..!≈≈#.# ###.#.### #####


You could see RoseComp's ghost and 2 shadow imps.

Vanquished Creatures
  A two-headed ogre (D:8)
  Grinder (D:5)
  Sigmund (D:5)
  Eustachio (D:4)
  2 ice beasts (D:5)
  Duvessa (D:6)
  2 black bears
  A sky beast (D:8)
  An ogre (D:8)
  2 centaurs
  A big kobold (D:8)
  A bullfrog (D:6)
  Dowan (D:6)
  2 scorpions
  5 killer bees (D:8)
  5 wights (D:7)
  2 howler monkeys
  3 crimson imps
  2 hounds
  2 bullfrog skeletons
  A jelly (D:8)
  5 orc wizards
  4 orc priests (D:5)
  3 iguanas
  Natasha (thrice) (D:2)
  4 worker ants
  2 hound zombies
  A howler monkey skeleton (D:5)
  10 adders
  9 gnolls (D:5)
  A shadow imp (D:5)
  An ooze (D:3)
  An adder skeleton (D:8)
  5 worms
  3 dart slugs
  5 leopard geckos
  26 orcs
  4 ball pythons
  5 giant cockroaches
  13 goblins
  21 hobgoblins
  3 quokkas
  12 bats
  3 frilled lizards
  16 kobolds
  2 leopard gecko skeletons
  A quokka zombie (D:5)
  7 rats
208 creatures vanquished.

Notes
Turn   | Place    | Note
-------+----------+-------------------------------------------
     0 | D:1      | whitewolfNL the Minotaur Berserker began the quest for the
                  | Orb.
     0 | D:1      | Reached XP level 1. HP: 19/19 MP: 0/0
    65 | D:1      | Reached XP level 2. HP: 22/27 MP: 1/1
   603 | D:2      | Noticed Natasha
   610 | D:2      | Killed Natasha
   610 | D:2      | Reached skill level 1 in Throwing
   610 | D:2      | Reached skill level 1 in Stealth
   610 | D:2      | Reached XP level 3. HP: 12/33 MP: 2/2
   875 | D:2      | Found a shattered altar of Ashenzari.
   901 | D:2      | Noticed Natasha
   912 | D:2      | Killed Natasha
   912 | D:2      | Reached XP level 4. HP: 37/40 MP: 3/3
   991 | D:2      | Reached ** piety under Trog
  1193 | D:2      | Reached XP level 5. HP: 47/47 MP: 4/4
  1637 | D:2      | Noticed Natasha
  1643 | D:2      | Killed Natasha
  1643 | D:2      | Reached skill level 5 in Maces & Flails
  2063 | D:3      | Reached skill level 5 in Fighting
  2155 | D:3      | Reached *** piety under Trog
  2319 | D:3      | You fall through a shaft for 3 floors!
  2319 | D:6      | Noticed Duvessa
  2319 | D:6      | Noticed Dowan
  2327 | D:6      | Killed Duvessa
  2327 | D:6      | Reached XP level 6. HP: 56/56 MP: 5/5
  2334 | D:6      | Found a stormy altar of Qazlal.
  2338 | D:6      | Killed Dowan
  2570 | D:5      | Entered Level 5 of the Dungeon
  2576 | D:4      | Noticed Eustachio
  2586 | D:4      | Killed Eustachio
  2586 | D:4      | Reached XP level 7. HP: 63/63 MP: 6/6
  2708 | D:4      | Found a staircase to the Ecumenical Temple.
  2812 | D:4      | Found a sacrificial altar of Ru.
  2930 | D:4      | Found an ancient bone altar of Kikubaaqudgha.
  3205 | D:5      | Noticed Grinder
  3216 | D:5      | Paralysed by Grinder for 4 turns
  3230 | D:5      | Killed Grinder
  3230 | D:5      | Reached skill level 5 in Armour
  3230 | D:5      | Reached XP level 8. HP: 33/73 MP: 7/7
  3339 | D:5      | Reached **** piety under Trog
  3765 | D:5      | Reached skill level 5 in Dodging
  3901 | D:5      | Noticed Sigmund
  3912 | D:5      | Killed Sigmund
  3984 | D:5      | Reached ***** piety under Trog
  4034 | D:5      | Got a transparent robe
  4616 | D:6      | Reached XP level 9. HP: 82/82 MP: 8/8
  4933 | D:6      | Identified the +1 robe of an ossuary {rElec Dex+3} (You
                  | found it on level 5 of the Dungeon)
  5112 | D:7      | Received a gift from Trog
  5757 | D:8      | Noticed a two-headed ogre
  5765 | D:8      | Killed a two-headed ogre
  5765 | D:8      | Reached skill level 10 in Maces & Flails
  5780 | D:8      | Reached skill level 10 in Fighting
  6054 | D:8      | Found a large runed translucent door.
  6095 | D:8      | Found a large runed translucent door.
  6101 | D:8      | Noticed RoseComp's ghost (novice OgWz)
  6121 | D:8      | Reached XP level 10. HP: 93/93 MP: 11/11
  6179 | D:8      | HP: 4/93 [shadow imp/nerve-wracking pain[RoseComp's ghost]
                  | (1)]
  6179 | D:8      | Killed from afar by RoseComp's ghost

Skill      XL: |  1  2  3  4  5  6  7  8  9 |
---------------+----------------------------+-----
Fighting       | 4 5 6 7 8 10 | 10.2
Maces & Flails | 4 5 6 7 8 10 | 10.3
Throwing       | 1 |  1.1
Stealth        | 1 |  1.0
Armour         | 3 4 5 6 7 |  7.1
Dodging        | 3 4 5 6 |  6.3
Evocations     | 2 |  2.9

Action                   |  1- 3 |  4- 6 |  7- 9 | 10-12 || total
-------------------------+-------+-------+-------+-------++-------
Melee: Mace              |    52 |    34 |       |       ||    86
       Headbutt          |     4 |    20 |    79 |     7 ||   110
       Whip              |       |    87 |   393 |    42 ||   522
Invok: Berserk           |     1 |     2 |    11 |       ||    14
  Use: Scroll            |       |       |     8 |       ||     8
 Stab: Sleeping          |     1 |       |       |       ||     1
  Eat: Chunk             |       |     7 |    22 |       ||    29
       Ration            |       |       |       |     1 ||     1
Armor: Animal skin       |     5 |       |       |       ||     5
       Chain mail        |    33 |    59 |   102 |     7 ||   201
Dodge: Dodged            |    32 |    57 |   149 |    24 ||   262
